 Dungeon Crawl Stone Soup version 0.23-a0-54-gae6112e33f (webtiles) character file.

2386 Roikka the Agent of Entropy (level 9, -8/69 HPs)
             Began as a Demonspawn Abyssal Knight on Aug 8, 2018.
             Was a Priest of Lugonu.
             Mangled by Joseph
             ... wielding a +0 quarterstaff
              (10 damage)
             ... on level 7 of the Dungeon.
             The game lasted 00:40:10 (8607 turns).

Roikka the Agent of Entropy (DsAK)                  Turns: 8607, Time: 00:40:10

Health: -8/69      AC: 11    Str: 14    XL:     9   Next: 22%
Magic:  13/13      EV: 16    Int: 14    God:    Lugonu [***...]
Gold:   459        SH: 11    Dex: 19    Spells: 8/8 levels left

rFire    + . .     SeeInvis .   a - +3 falchion
rCold    . . .     Gourm    .   o - +0 buckler
rNeg     + . .     Faith    .   i - +1 ring mail {rF+}
rPois    .         Spirit   .   (helmet restricted)
rElec    .         Reflect  .   h - +0 cloak
rCorr    .         Harm     .   p - +0 pair of gloves (curse)
MR       .....                  l - +1 pair of boots
Stlth    +++++.....             (no amulet)
HPRegen  0.21/turn              q - ring of stealth
MPRegen  0.13/turn              r - ring of positive energy

@: agile, hasted, very quick
A: horns 1, large bone plates 2, nightstalker 1, spiny 1
a: Depart the Abyss, Bend Space, Banish, Renounce Religion


You were on level 7 of the Dungeon.
You worshipped Lugonu.
Lugonu was most pleased with you.
You were not hungry.

You visited 1 branch of the dungeon, and saw 7 of its levels.
You visited the Abyss 1 time.
You also visited: Ossuary.

You collected 459 gold pieces.

Inventory:

Hand Weapons
 a - a +3 falchion (weapon)
 b - a +0 hunting sling
 w - the +8 dagger of Idolef {vamp, rC- Str+3 Dex+2}
   (You found it on level 6 of the Dungeon)

   It inflicts no extra harm, but heals its wielder when it wounds a living foe.
   It affects your strength (+3).
   It affects your dexterity (+2).
   It makes you vulnerable to cold.
Missiles
 B - 38 sling bullets
 C - 2 throwing nets (quivered)
Armour
 h - a +0 cloak (worn)
 i - a +1 ring mail of fire resistance (worn)
 l - a +1 pair of boots (worn)
 o - a +0 buckler (worn)
 p - a cursed +0 pair of gloves (worn)
Jewellery
 q - a ring of stealth (left hand)
 r - a ring of positive energy (right hand)
 z - an uncursed ring of magical power
Wands
 A - a wand of disintegration (14)
 D - a wand of acid (4)
 E - a wand of paralysis (12)
Scrolls
 d - 4 scrolls of identify
 f - 3 scrolls of remove curse
 g - a scroll of magic mapping
 m - 2 scrolls of teleportation
 s - 4 scrolls of fear
 u - 3 scrolls of amnesia
Potions
 e - 4 potions of curing
 k - 3 potions of resistance
Comestibles
 c - 5 rations
 j - 9 chunks of flesh


   Skills:
 * Level 5.7 Fighting
 - Level 1.1(3.8) Short Blades
 + Level 5.8(5.9) Long Blades
 + Level 3.9 Slings
 + Level 3.1 Armour
 + Level 2.3 Dodging
 + Level 3.9 Stealth
 + Level 3.0 Shields
 + Level 6.4 Invocations


You had 8 spell levels left.
You didn't know any spells.
Your spell library was empty.

Dungeon Overview and Level Annotations

Branches:
Dungeon (7/15)
 Temple: D:4-7

Altars:
Elyvilon
Gozag
Ru
Sif Muna
Vehumet
Zin
The Shining One

Annotations:
D:7 Joseph


Innate Abilities, Weirdness & Mutations

You have a pair of small horns on your head.
You are mostly covered in large bone plates. (SH +6)
You are slightly more attuned to the shadows.
You are partially covered in sharp spines.


Message History

Joseph is moderately wounded.
Joseph shoots a sling bullet.
The sling bullet hits you!!
* * * LOW HITPOINT WARNING * * *
You are too injured to fight recklessly!
You are too injured to fight recklessly!
a - a +3 falchion (weapon)
You feel yourself speed up.
Joseph shoots a sling bullet.
The sling bullet hits you!
* * * LOW HITPOINT WARNING * * *
Joseph tries to grin evilly.
Joseph shoots a sling bullet.
You block the sling bullet.
You see here a sling bullet.
You see here a sling bullet.
You feel agile all of a sudden.
You hit Joseph.
Joseph is moderately wounded.
Joseph unwields an uncursed enchanted hunting sling.
Joseph wields an uncursed quarterstaff.
Joseph hits you with an uncursed quarterstaff!
You die...

#...# ###.#
#####.#### .##(
#........# ..(
#.###.##)# .@###
#.##.#### ....#
#.#.....# ...
#.[.[.#.####.##.#
###......(@@....#
.......##.####.####
#####.###.# .#
#.....# .. #######
###


You could see Joseph.

Vanquished Creatures
  2 wraiths (Ossuary)
  A steam dragon (D:7)
  Menkaure (D:6)
  2 orc warriors (D:6)
  A phantom (D:4)
  3 ogres
  A wyvern skeleton (D:7)
  2 scorpions
  4 wights (Ossuary)
  2 electric eels (D:7)
  A bullfrog zombie (D:6)
  3 jellies
  Crazy Yiuf (D:4)
  A gnoll shaman (D:4)
  2 orc priests
  A hound (D:6)
  An orc wizard (D:5)
  An iguana (D:6)
  15 worker ants
  2 hound skeletons
  A mummy (D:5)
  2 adders
  7 gnolls
  An ooze (D:3)
  An adder zombie (Ossuary)
  An adder skeleton (D:5)
  3 worms
  A dart slug (D:1)
  7 leopard geckos
  13 orcs
  2 giant cockroaches (D:2)
  13 goblins
  11 hobgoblins
  3 jackals
  5 quokkas
  2 ball python skeletons (Ossuary)
  9 bats
  8 frilled lizards
  A hobgoblin skeleton (Ossuary)
  A hobgoblin zombie (Ossuary)
  6 kobolds
  2 orc skeletons (Ossuary)
  A quokka zombie (D:5)
  6 rats
  A fungus (D:5)
155 creatures vanquished.

Vanquished Creatures (others)
  A jackal (D:7)
1 creature vanquished.

Grand Total: 156 creatures vanquished

Notes
Turn   | Place    | Note
-------+----------+-------------------------------------------
     0 | Abyss:1  | Roikka the Demonspawn Abyssal Knight began the quest for the Orb.
     0 | Abyss:1  | Reached XP level 1. HP: 18/18 MP: 2/2
    25 | Abyss:1  | Found a corrupted altar of Lugonu.
    62 | Abyss:1  | Noticed a tentacled starspawn
    64 | D:1      | Escaped the Abyss
   471 | D:1      | Gained mutation: You have a pair of small horns on your head. [demonic ancestry]
   471 | D:1      | Reached XP level 2. HP: 24/24 MP: 3/3
   487 | D:1      | Reached * piety under Lugonu
  1149 | D:2      | Gained mutation: You are partially covered in large bone plates. (SH +4) [demonic ancestry]
  1149 | D:2      | Reached XP level 3. HP: 29/29 MP: 5/5
  1225 | D:2      | Found a radiant altar of Vehumet.
  1406 | D:2      | Reached skill level 3 in Invocations
  1747 | D:2      | Reached ** piety under Lugonu
  1987 | D:3      | Gained mutation: You are mostly covered in large bone plates. (SH +6) [demonic ancestry]
  1987 | D:3      | Reached XP level 4. HP: 31/35 MP: 6/6
  2004 | D:3      | Found a deep blue altar of Sif Muna.
  3167 | D:4      | Reached skill level 1 in Shields
  3167 | D:4      | Gained mutation: You are slightly more attuned to the shadows. [demonic ancestry]
  3167 | D:4      | Reached XP level 5. HP: 37/42 MP: 7/7
  3218 | D:4      | Found an opulent altar of Gozag.
  3341 | D:4      | Found a runed door.
  3347 | D:4      | Noticed Crazy Yiuf
  3357 | D:4      | Killed Crazy Yiuf
  3357 | D:4      | Reached skill level 1 in Slings
  3493 | D:4      | Reached skill level 1 in Dodging
  4222 | D:4      | Noticed a phantom
  4274 | D:4      | Killed a phantom
  4274 | D:4      | Reached XP level 6. HP: 34/48 MP: 8/8
  4547 | D:5      | Entered Level 5 of the Dungeon
  4602 | D:5      | Found a sand-covered staircase.
  4612 | Ossuary  | Entered an ossuary
  4675 | Ossuary  | Reached skill level 1 in Stealth
  4675 | Ossuary  | Reached skill level 4 in Invocations
  4890 | Ossuary  | Noticed a flying skull
  4890 | Ossuary  | Noticed a wraith
  4902 | Ossuary  | Noticed a wraith
  4936 | Ossuary  | Killed a wraith
  4936 | Ossuary  | Reached XP level 7. HP: 31/54 MP: 10/10
  4968 | Ossuary  | Noticed a flying skull
  4980 | Ossuary  | Noticed a flying skull
  4999 | Ossuary  | Noticed a flying skull
  5010 | Ossuary  | Noticed a flying skull
  5063 | Ossuary  | Noticed a wraith
  5099 | Ossuary  | Killed a wraith
  5655 | D:5      | Reached skill level 5 in Invocations
  5655 | D:5      | Gained mutation: You are partially covered in sharp spines. [demonic ancestry]
  5655 | D:5      | Reached XP level 8. HP: 16/61 MP: 11/11
  6066 | D:5      | Reached skill level 5 in Long Blades
  6323 | D:5      | Found a glowing silver altar of Zin.
  6323 | D:5      | Found a white marble altar of Elyvilon.
  6323 | D:5      | Found a glowing golden altar of the Shining One.
  6512 | D:5      | Reached skill level 5 in Fighting
  6577 | D:6      | Got a steaming dagger
  6589 | D:6      | Identified the +8 dagger of Idolef {vamp, rC- Str+3 Dex+2} (You found it on level 6 of the Dungeon)
  6743 | D:6      | Reached *** piety under Lugonu
  6764 | D:6      | Reached skill level 1 in Short Blades
  7004 | D:6      | Noticed Menkaure
  7017 | D:6      | Killed Menkaure
  7254 | D:6      | Reached skill level 6 in Invocations
  7277 | D:6      | Reached XP level 9. HP: 30/68 MP: 13/13
  7549 | D:6      | Found a sacrificial altar of Ru.
  8590 | D:7      | Noticed Joseph
  8603 | D:7      | HP: 1/69 [Joseph/sling bullet (17)]
  8607 | D:7      | Mangled by Joseph

Vault maps used:
D:1:      dpeg_arrival_central
D:2:      vehumet_crystals, first_ration, kennysheep_crisscross,
          minmay_curled_crystal, minmay_goblin_outpost
D:3:      led_sif_book, st_stairs_11, kennysheep_generic_room_15
D:4:      grunt_gozag_breadcrumbs, minivault_26, uniq_crazy_yiuf_cottage
D:5:      good_gods_mini_temple, gup_ossuary_entry_pyramid, minmay_misc_feat_x,
          minmay_gold_behind_fungi
D:6:      nicolae_ru_path_of_blood, uniq_menkaure
D:7:      makhleb_altar_promises_db, minmay_temple_entry_nine_rooms,
          chequers_big_river, uniq_joseph, uniq_harold
Ossuary:  ossuary_due_cavern

Skill      XL: |  1  2  3  4  5  6  7  8  9 |
---------------+----------------------------+-----
Long Blades    | 2 3 4 5 |  5.8
Armour         | 2 3 |  3.1
Invocations    | 3 4 5 6 |  6.4
Shields        | 1 2 3 |  3.0
Slings         | 1 2 3 |  3.9
Dodging        | 1 2 |  2.3
Fighting       | 4 5 |  5.7
Stealth        | 1 2 3 |  3.9
Short Blades   | 1 |  1.1

Action                   |  1- 3 |  4- 6 |  7- 9 || total
-------------------------+-------+-------+-------++-------
Melee: Falchion          |   103 |   169 |   248 ||   520
       Headbutt          |    12 |    33 |    70 ||   115
       Dagger            |       |       |    24 ||    24
 Fire: Hunting sling     |    31 |    30 |    95 ||   156
Throw: Stone             |     3 |       |       ||     3
       Throwing net      |       |     1 |       ||     1
Invok: Depart the Abyss  |     1 |       |       ||     1
  Use: Scroll            |       |    11 |     4 ||    15
       Potion            |       |    10 |     6 ||    16
 Stab: Sleeping          |       |    12 |     2 ||    14
  Eat: Chunk             |     3 |     4 |     7 ||    14
       Ration            |       |     2 |     3 ||     5
Armor: Ring mail         |    41 |    40 |    65 ||   146
       Scale mail        |     8 |       |       ||     8
Dodge: Dodged            |    60 |    59 |    77 ||   196
Block: Buckler           |    18 |    62 |   125 ||   205
       Rpst.: Falchion   |    15 |    20 |    24 ||    59

Table legend:
 A = Spawn XP
 B = Non-spawn XP
 C = Spawn XP percentage of total XP
 D = Spawn monster count
 E = Non-spawn monster count
 F = Spawn count percentage of total count
 G = Total turns spent on level
                    A         B        C        D         E        F      G
               +---------+---------+-------+---------+---------+-------+---------
         Total |       0 |    3409 |   0.0 |       0 |     154 |   0.0 |  8607
               +---------+---------+-------+---------+---------+-------+---------
           D:1 |       0 |      32 |   0.0 |       0 |      19 |   0.0 |   996
           D:2 |       0 |      49 |   0.0 |       0 |      28 |   0.0 |   912
           D:3 |       0 |     100 |   0.0 |       0 |      17 |   0.0 |  1175
           D:4 |       0 |     371 |   0.0 |       0 |      15 |   0.0 |  1647
           D:5 |       0 |     782 |   0.0 |       0 |      30 |   0.0 |  1222
           D:6 |       0 |     879 |   0.0 |       0 |      23 |   0.0 |  1093
           D:7 |       0 |     533 |   0.0 |       0 |       9 |   0.0 |   945
       Ossuary |       0 |     663 |   0.0 |       0 |      13 |   0.0 |   553
               +---------+---------+-------+---------+---------+-------+---------
